 Dungeon Crawl Stone Soup version 0.32-a0-975-g85d4e5bfdb (webtiles) character file.

Game seed: 11556949441170705086

42 Esekla the Sneak (level 3, 0/25 HPs)
             Began as a Demonspawn Wanderer on Apr 20, 2024.
             Was a Follower of Sif Muna.
             Slain by a ribbon worm (5 damage)
             ... on level 2 of the Dungeon.
             The game lasted 00:07:36 (1616 turns).

Esekla the Sneak (Demonspawn Wanderer)              Turns: 1616, Time: 00:07:37

Health: 0/25       AC:  4    Str: 10    XL:     3   Next: 35%
Magic:  4/4        EV: 11    Int: 14    God:    Sif Muna [*.....]
Gold:   71         SH:  0    Dex: 14    Spells: 1/4 levels left

rFire   . . .        a - +0 dagger
rCold   . . .        (no shield)
rNeg    . . .        c - +0 robe
rPois   .            m - +0 helmet
rElec   .            (no cloak)
rCorr   .            (no gloves)
SInv    .            d - +0 pair of boots
Will    .....        (no amulet)
Stlth   ++           (no ring)
HPRegen 0.24/turn    (no ring)
MPRegen 0.09/turn

%: no passive effects
@: no status effects
A: hooves 1, ignite blood 1
a: Renounce Religion, Channel Magic


You were on level 2 of the Dungeon.
You worshipped Sif Muna.
Sif Muna was aware of your devotion.
You visited 1 branch of the dungeon, and saw 2 of its levels.

You collected 71 gold pieces.

Inventory:

Hand Weapons
 a - a +0 dagger (weapon)
Armour
 c - a +0 robe (worn)
 d - a +0 pair of boots (worn)
 m - a +0 helmet (worn)
Scrolls
 b - a scroll of blinking
 e - a scroll of amnesia {unknown}
 g - 2 scrolls of enchant weapon {unknown}
 j - a scroll of fog {unknown}
 l - 3 scrolls of teleportation {unknown}
Potions
 f - a potion of degeneration {unknown}
 h - a potion of curing {unknown}
 i - a potion of heal wounds {unknown}
 k - a potion of attraction {unknown}
 n - a potion of brilliance {unknown}


   Skills:
 * Level 0.6 Fighting
 + Level 1.0 Throwing
 + Level 1.0 Armour
 + Level 1.3 Dodging
 + Level 2.4 Stealth
 * Level 1.2 Spellcasting
 + Level 2.1 Conjurations
 + Level 2.0 Air Magic
 * Level 1.2 Alchemy
 * Level 0.6 Invocations


You had one spell level left.
You knew the following spells:

 Your Spells              Type           Power      Damage    Failure   Level
c - Mephitic Cloud        Conj/Alch/Air  5%         N/A       36%         3

Your spell library contained the following spells:

 Spells                   Type           Power      Damage    Failure   Level
 Shock                    Conj/Air       24%        1d4       11%         1
 Foxfire                  Conj/Fire      12%        2x1d4     17%         1
 Static Discharge         Conj/Air       12%        3-4/arc   17%         2
 Stone Arrow              Conj/Erth      6%         3d7       45%         3
 Airstrike                Air            3%         2d(1-17)  75%         4
 Summon Lightning Spire   Summ/Air       3%         N/A       86%         4


Dungeon Overview and Level Annotations

Branches:
Dungeon (2/15)

Altars:
Sif Muna


Innate Abilities, Weirdness & Mutations

You have large cloven feet.
Your demonic aura sometimes causes spilled blood to erupt in flames.


Message History

You struggle to detach yourself from the web.
The rat bites you but does no damage. The ribbon worm bites you.
The web tears apart.
The rat closely misses you.
The ribbon worm bites you but does no damage.
You closely miss the rat.
The rat is severely wounded.
The rat bites you.
You hit the rat.
You kill the rat!
Sif Muna accepts your kill. The ribbon worm barely misses you.
You see here a rat corpse.
You hit the ribbon worm.
The ribbon worm is lightly wounded.
The ribbon worm expels a string of sticky webbing.
The stream of webbing hits you but does no damage.
You are caught in a web!
You struggle to detach yourself from the web.
The ribbon worm bites you.
The web tears apart.
You hit the ribbon worm.
The ribbon worm is lightly wounded.
The ribbon worm closely misses you.
You hit the ribbon worm.
The ribbon worm is moderately wounded.
The ribbon worm bites you.
You hit the ribbon worm.
The ribbon worm is heavily wounded.
The ribbon worm bites you.
* * * LOW HITPOINT WARNING * * *
You hit the ribbon worm but do no damage.
The ribbon worm is moderately wounded.
The ribbon worm expels a string of sticky webbing.
The stream of webbing hits you but does no damage.
You are caught in a web!
The web tears apart.
You hit the ribbon worm.
The ribbon worm is moderately wounded.
The ribbon worm bites you.
You die...

############## #............#
#### #............# ....########
#............# ..#......).#
#............# #.#.#.#.#..####
#............# ..............#
#.............
#.##+##.#.....######.............
..#...#.......'.@w.'.............
#.'...+.#.....######.............
..#...#..)........##############.
#.##+##.#.#######..# #.
..........# ##.# #. #.#.#†#.#.#
#.# #. #.........# #.### ##
########.## #...## #.# ###..### #


You could see a ribbon worm (catching breath).

Vanquished Creatures
  An adder (D:2)
  2 dart slugs
  A ball python (D:1)
  4 endoplasms
  3 goblins
  3 hobgoblins
  4 jackals (D:1)
  A kobold (D:2)
  3 bats
  2 frilled lizards
  A rat (D:2)
25 creatures vanquished.

Notes
Turn   | Place    | Note
-------+----------+-------------------------------------------
     0 | D:1      | Esekla the Demonspawn Wanderer began the quest for the Orb.
     0 | D:1      | Esekla set off with the following items: a +0 dagger, a
                  | scroll of blinking, a +0 robe, a +0 pair of boots; and the
                  | following spells available to memorise: Shock, Foxfire,
                  | Static Discharge, Mephitic Cloud, Stone Arrow.
     0 | D:1      | Reached XP level 1. HP: 13/13 MP: 2/2
   353 | D:1      | Reached skill level 1 in Alchemy
   369 | D:1      | Discovered your monstrous ancestry.
   369 | D:1      | Gained mutation: You have large cloven feet. [demonic
                  | ancestry]
   369 | D:1      | Reached XP level 2. HP: 17/19 MP: 3/3
   504 | D:1      | Found a faded altar of an unknown god.
   507 | D:1      | Prayed at the altar of an unknown god.
   507 | D:1      | Became a worshipper of Sif Muna the Loreminder
   507 | D:1      | Reached * piety under Sif Muna
  1245 | D:2      | Gained mutation: Your demonic aura sometimes causes spilled
                  | blood to erupt in flames. [demonic ancestry]
  1245 | D:2      | Reached XP level 3. HP: 7/25 MP: 4/4
  1249 | D:2      | Learned a level 3 spell: Mephitic Cloud
  1616 | D:2      | Slain by a ribbon worm

Illustrated notes

Levels and vault maps discovered:
D:1:      dpeg_arrival_orchard, layout_loops_ring,
          shapermc_ecumenical_altar_mp_ritualfount
D:2:      wad_crossroads, layout_basic, minmay_misc_feat_doors

Skill      XL: |  1  2 |
---------------+-------+-----
Alchemy        | 1 |  1.2
Air Magic      | 2 |  2.0
Stealth        | 2 |  2.4
Fighting       | |  0.6
Throwing       | |  1.0
Armour         | |  1.0
Dodging        | |  1.3
Spellcasting   | |  1.2
Conjurations   | |  2.1
Invocations    | |  0.6

Action                     || total
---------------------------++-------
  Melee: Dagger            ||   160
    Use: Potion            ||     1
   Stab: Sleeping          ||     4
 Armour: Robe              ||    88
  Dodge: Dodged            ||    90

Table legend: (Time is in decaauts)
 A = Elapsed time spent in this place.
 B = Non-inter-level travel time spent in this place.
 C = Inter-level travel time spent in this place.
 D = Time resting spent in this place.
 E = Time spent auto-exploring this place.
 F = Levels seen in this place.
 G = Mean time per level.
                   A        B        C        D        E       F      G
               +--------+--------+--------+--------+--------+-----+--------+
         Total |   1617 |   1565 |     52 |    327 |    407 |   2 |  808.5 |
       Dungeon |   1617 |   1565 |     52 |    327 |    407 |   2 |  808.5 |
               +--------+--------+--------+--------+--------+-----+--------+

Top non-repeatable levels by time:
     D:1: 848 daAuts
     D:2: 769 daAuts
